 Dungeon Crawl Stone Soup version 0.30.0-10-gfe55d96785 (webtiles) character file.

Game seed: 15255801735700902883

535 shadowrider38 the Conjurer (level 7, 41/46 HPs)
             Began as a Demonspawn Conjurer on May 15, 2023.
             Was an Initiate of Gozag.
             Quit the game on level 4 of the Dungeon.
             The game lasted 00:12:51 (5702 turns).

shadowrider38 the Conjurer (Demonspawn Conjurer)    Turns: 5702, Time: 00:12:52

Health: 41/46      AC:  6    Str:  7    XL:     7   Next: 4%
Magic:  17/22      EV: 12    Int: 22    God:    Gozag
Gold:   207        SH:  0    Dex: 11    Spells: 12/15 levels left

rFire   . . .        j - +2 dagger (venom)
rCold   . . .        (no shield)
rNeg    . . .        f - +0 robe
rPois   .            (helmet restricted)
rElec   .            d - +0 cloak
rCorr   .            i - +1 pair of gloves
SInv    .            y - +0 pair of boots
Will    .....        (no amulet)
Stlth   ++           m - ring of wizardry
HPRegen 0.27/turn    B - ring of magical power
MPRegen 0.18/turn

%: wizardry (x1)
@: gold aura
A: antennae 1, claws 1, powered by pain 1, spiny 1, weakness stinger 1
a: Renounce Religion, Potion Petition, Call Merchant, Bribe Branch


You were on level 4 of the Dungeon.
You worshipped Gozag.
Gozag was aware of your devotion.
You visited 2 branches of the dungeon, and saw 5 of its levels.

You collected 283 gold pieces.
You paid 76 gold pieces to Gozag.

Inventory:

Hand Weapons
 a - a +1 falchion
 j - a +2 dagger of venom (weapon)
Armour
 d - a +0 cloak (worn)
 f - a +0 robe (worn)
 i - a +1 pair of gloves (worn)
 l - the +1 pair of boots "Gudest" {rF- Will++}
   (You found it on level 2 of the Dungeon)

   rF:        It makes you vulnerable to fire.
   Will:      It greatly increases your willpower.
 y - a +0 pair of boots (worn)
Jewellery
 m - a ring of wizardry (left hand)
 n - a ring of positive energy
 p - an amulet of faith
 r - an amulet of regeneration
 B - a ring of magical power (right hand)
Wands
 I - a wand of iceblast (13)
 V - a wand of flame (5)
Scrolls
 c - a scroll of enchant weapon
 q - a scroll of vulnerability {unknown}
 s - a scroll of fear
 u - a scroll of poison {unknown}
 w - a scroll of fog {unknown}
 A - a scroll of enchant armour {unknown}
 T - 3 scrolls of teleportation
Potions
 b - 2 potions of magic
 e - a potion of flight {unknown}
 g - 3 potions of heal wounds
 h - 2 potions of mutation {unknown}
 k - a potion of brilliance {unknown}
 o - 2 potions of attraction
 t - a potion of ambrosia {unknown}
 x - a potion of berserk rage {unknown}
 H - 2 potions of haste
 Q - 4 potions of curing


   Skills:
 - Level 1.7 Dodging
 - Level 1.7 Stealth
 + Level 4.5 Spellcasting
 + Level 6.4 Conjurations
 + Level 1.6 Hexes
 + Level 1.8 Translocations


You had 12 spell levels left.
You knew the following spells:

 Your Spells              Type           Power      Damage    Failure   Level
a - Magic Dart            Conj           100%       1d8       1%          1
b - Searing Ray           Conj           66%        2d6       1%          2

Your spell library contained the following spells:

 Spells                   Type           Power      Damage    Failure   Level
 Dazzling Flash           Conj/Hex       44%        N/A       2%          3
 Mephitic Cloud           Conj/Pois/Air  14%        N/A       5%          3
 Call Imp                 Summ           8%         N/A       6%          2
 Iskenderun's Mystic Bla  Conj/Tloc      23%        2d6       8%          4
 Fulminant Prism          Conj/Hex       11%        3d8       9%          4


Dungeon Overview and Level Annotations

Branches:
Dungeon (4/15)             Temple (1/1) D:4

Altars:
Cheibriados
Dithmenos
Fedhas
Gozag
Kikubaaqudgha
Makhleb
Nemelex Xobeh
Okawaru
Ru
Trog
Vehumet

Annotations:
D:4 1 runed translucent door, Crazy Yiuf


Innate Abilities, Weirdness & Mutations

You have a pair of small antennae on your head.
You have sharp fingernails.
You sometimes gain a little power by taking damage.
You are partially covered in sharp spines.
You have a small tail.


Message History

a +0 club; a +0 leather armour You start resting.
You feel a little less agile now.
You start resting.
Magic restored.
HP restored.
You now have 207 gold pieces (gained 15).
Things that are here:
a +0 short sword; a +0 ring mail
Found a stone staircase leading down.
An orc wizard is nearby!
An orc wizard is nearby!
An orc wizard is nearby!
Unknown command.
An orc comes into view. It is wielding a +0 whip.
The orc wizard shouts!
The orc shouts!
You start waiting.
An orc is nearby!
Aiming: Magic Dart (safe; 1% risk of failure)
Press: ? - help, Q - select action, (/) - cycle Shift-Dir - straight line, f - orc
Aim: an orc, wielding a +0 whip (100% to hit)
The magic dart hits the orc.
The orc is heavily wounded.
Aiming: Magic Dart (safe; 1% risk of failure)
Press: ? - help, Q - select action, (/) - cycle Shift-Dir - straight line, f/p - orc
Aim: an orc, wielding a +0 whip (heavily wounded, 100% to hit)
The magic dart hits the orc!
You kill the orc!
Casting: Magic Dart (safe; 1% risk of failure)
Confirm with . or Enter, or press ? or * to list all spells.
Aiming: Searing Ray (safe; 1% risk of failure)
Press: ? - help, Shift-Dir - straight line, f - orc wizard
Aim: an orc wizard, wielding a +0 dagger and wearing a +0 robe (76% to hit)
The searing ray hits the orc wizard!
The orc wizard is almost dead. (Press . to maintain the ray.)
The searing ray hits the orc wizard.
You kill the orc wizard!
The searing ray hits the orc wizard!
The orc wizard is severely wounded.
The orc wizard casts a spell at you. The magic dart hits you!
The searing ray hits the orc wizard!
You kill the orc wizard!
You have reached level 7!
Your demonic ancestry asserts itself...
Sharp spines emerge from parts of your body.
You start resting.
An orc comes into view. It is wielding a +1 heavy flail.
Are you sure you want to abandon this character and quit the game? (Confirm with "yes".)

#...o........# #.......
###..o..#......####.......
$.......#..............(..
..#.......[...##.######.#
......$.##...##.# ###.#
#.o[##$#######.# #....
#... #.#######.####....
#..o##.##............).
#.....@##.##.#.####....
#.#..(.##.##.#.######.#
#.......)...........#
###.(...####.########
####### ### # ##### #....
### ♣♣#####.... #)..#♣♣
♣♣....##....


You could see an orc (wandering).

Vanquished Creatures
  A water moccasin (D:4)
  A gnoll bouda (D:4)
  Jessica (D:3)
  Ijyb (D:4)
  6 orc wizards
  6 gnolls
  6 adders
  2 worms (D:2)
  9 orcs
  10 ball pythons
  4 endoplasms
  2 giant cockroaches (D:4)
  4 goblins
  6 hobgoblins
  2 jackals (D:2)
  5 quokkas
  4 bats
  3 frilled lizards
  5 kobolds
  5 rats
83 creatures vanquished.

Notes
Turn   | Place    | Note
-------+----------+-------------------------------------------
     0 | D:1      | shadowrider38 the Demonspawn Conjurer began the quest for
                  | the Orb.
     0 | D:1      | Reached XP level 1. HP: 13/13 MP: 3/3
   308 | D:1      | Discovered your monstrous ancestry.
   308 | D:1      | Gained mutation: You have a small tail. [demonic ancestry]
   308 | D:1      | Reached XP level 2. HP: 19/19 MP: 1/5
   429 | D:1      | Learned a level 2 spell: Searing Ray
  1018 | D:2      | Identified the +1 pair of boots "Gudest" {rF- Will++}
  1747 | D:2      | Reached XP level 3. HP: 24/24 MP: 0/7
  2529 | D:3      | Reached skill level 3 in Spellcasting
  2753 | D:3      | Gained mutation: You have a pair of small antennae on your
                  | head. [demonic ancestry]
  2753 | D:3      | Reached XP level 4. HP: 30/30 MP: 3/8
  2831 | D:3      | Reached skill level 5 in Conjurations
  3032 | D:3      | Gained mutation: You have sharp fingernails. [demonic
                  | ancestry]
  3032 | D:3      | Reached XP level 5. HP: 35/35 MP: 2/10
  3047 | D:3      | aesen: go sleep
  3195 | D:3      | Found an iron altar of Okawaru.
  3237 | D:3      | shadowrider38: nah
  3237 | D:3      | shadowrider38: hey guess what
  3237 | D:3      | shadowrider38: i won a meteoran
  3332 | D:3      | aesen: woah
  3333 | D:3      | Noticed Jessica
  3352 | D:3      | Killed Jessica
  3922 | D:3      | aesen: 3 runes
  4118 | D:3      | shadowrider38: well yeah
  4118 | D:3      | shadowrider38: it was a nemchoice
  4118 | D:3      | aesen: oh, nice
  4118 | D:3      | shadowrider38: i was also trying to do tc runs earlier
  4118 | D:3      | shadowrider38: but i kept dying
  4118 | D:3      | shadowrider38: !splatratio . t
  4118 | D:3      | beem: Percent of recentish chars with XL>=17 killed for
                  | shadowrider38 (t): 12/27x ShadowRider38 [44.44%]
  4171 | D:3      | aesen: splatratio lmao
  4174 | D:3      | aesen: !splatratio
  4226 | D:3      | beem: Percent of recentish chars with XL>=17 killed for
                  | aesen: 6/52x aesen [11.54%]
  4233 | D:3      | shadowrider38: yeah its bad
  4233 | D:3      | shadowrider38: i was going for 3 rune win
  4233 | D:3      | shadowrider38: died in zot5
  4233 | D:3      | aesen: damn
  4233 | D:3      | shadowrider38: not very good but wouldve been under 10k
                  | turn
  4233 | D:3      | aesen: dscj, is this megazig
  4256 | D:4      | shadowrider38: yeah
  4256 | D:4      | shadowrider38: i will try it
  4352 | D:4      | shadowrider38: i dont know what im supposed to look for tho
  4352 | D:4      | aesen: when you clear a zig or two, ill show you zigmode rc
                  | magic
  4367 | D:4      | aesen: powered by pain
  4367 | D:4      | shadowrider38: sounds good
  4384 | D:4      | aesen: you want mp on kill
  4396 | D:4      | Reached skill level 6 in Conjurations
  4396 | D:4      | aesen: thats the most important one i guess
  4396 | D:4      | aesen: hp+30% is good and safe
  4398 | D:4      | Gained mutation: You sometimes gain a little power by
                  | taking damage. [demonic ancestry]
  4398 | D:4      | Reached XP level 6. HP: 32/41 MP: 8/12
  4398 | D:4      | shadowrider38: i think i just want powered by death and mp
                  | on kill
  4398 | D:4      | shadowrider38: how long will that take to scum
  4398 | D:4      | aesen: yeah death
  4398 | D:4      | aesen: not pain
  4399 | D:4      | shadowrider38: idk how ds works
  4399 | D:4      | shadowrider38: do i give up already
  4399 | D:4      | aesen: so
  4399 | D:4      | aesen: http://crawl.chaosforge.org/Demonspawn_mutations
  4399 | D:4      | aesen: you get 2 tier 2 muts
  4399 | D:4      | aesen: powered by pain is one of them
  4399 | D:4      | aesen: powered by death is also a tier 2
  4399 | D:4      | shadowrider38: oh
  4399 | D:4      | shadowrider38: so i need to get really lucky
  4399 | D:4      | shadowrider38: if i want both
  4399 | D:4      | aesen: well
  4399 | D:4      | aesen: you only really need death
  4399 | D:4      | shadowrider38: but i am not good at the game
  4399 | D:4      | aesen: lol
  4399 | D:4      | shadowrider38: so id rather have a cushion
  4399 | D:4      | shadowrider38: :)
  4399 | D:4      | aesen: by the time youre in zig, skill wont matter much, so
                  | its ok
  4709 | D:4      | Noticed Ijyb
  4711 | D:4      | Noticed a water moccasin
  4713 | D:4      | aesen: tier 3 youd want either aug or hp+30%
  4716 | D:4      | aesen: although neither is strictly necessary
  4717 | D:4      | aesen: hurl damnation is useless mut
  4848 | D:4      | Found a staircase to the Ecumenical Temple.
  4925 | Temple   | Entered the Ecumenical Temple
  4932 | Temple   | Became a worshipper of Gozag Ym Sagoz the Greedy
  5189 | D:4      | aesen: actually
  5192 | D:4      | aesen: black mark is a tier 3
  5200 | D:4      | aesen: that one is good too
  5206 | D:4      | Reached skill level 1 in Translocations
  5310 | D:4      | Found a runed translucent door.
  5311 | D:4      | Noticed Crazy Yiuf
  5371 | D:4      | aesen: (silence ring around you)
  5385 | D:4      | shadowrider38: huh
  5385 | D:4      | shadowrider38: interesting
  5385 | D:4      | shadowrider38: that does sound good
  5402 | D:4      | Killed a water moccasin
  5403 | D:4      | Reached skill level 1 in Hexes
  5577 | D:4      | aesen: silence ring is amazing for things like mummys
  5579 | D:4      | aesen: or liches
  5590 | D:4      | Killed Ijyb
  5692 | D:4      | Gained mutation: You are partially covered in sharp spines.
                  | [demonic ancestry]
  5692 | D:4      | Reached XP level 7. HP: 38/46 MP: 13/13
  5702 | D:4      | shadowrider38: what is this
  5702 | D:4      | shadowrider38: why do i have so many weird ones
  5702 | D:4      | aesen: rip
  5702 | D:4      | aesen: you got the 10% monstrous demonspawn
  5702 | D:4      | shadowrider38: goodbye
  5702 | D:4      | aesen: this is rip
  5702 | D:4      | Quit the game

Illustrated notes

Levels and vault maps discovered:
D:1:      mainiacjoe_arrival_reflecting_pool, layout_rooms, moated_statue,
          wad_woods_river_04
D:2:      layout_basic
D:3:      layout_loops_ring, okawaru_gym_becter, kennysheep_jessica_study
D:4:      layout_basic, minmay_temple_entry_antechambers,
          uniq_crazy_yiuf_cottage, uniq_ijyb
Temple:   nicolae_temple_no_exploring_needed

Skill      XL: |  1  2  3  4  5  6 |
---------------+-------------------+-----
Spellcasting   | 3 4 |  4.5
Conjurations   | 5 6 |  6.4
Translocations | 1 |  1.8
Hexes          | 1 |  1.6
Dodging        | |  1.7
Stealth        | |  1.7

Action                     |  1- 3 |  4- 6 |  7- 9 || total
---------------------------+-------+-------+-------++-------
  Melee: Falchion          |     7 |       |       ||     7
         Dagger            |       |     1 |       ||     1
   Cast: Magic Dart        |    74 |    53 |       ||   127
         Searing Ray       |    10 |    22 |       ||    32
    Use: Scroll            |     1 |     6 |       ||     7
 Armour: Robe              |     4 |     7 |       ||    11
  Dodge: Dodged            |     7 |    18 |       ||    25
